 Dungeon Crawl Stone Soup version 0.30-a0-723-gc1506a1cf0 (webtiles) character file.

Game seed: 10061863470072785312

9329 NinjaNoafa the Cleaver (level 11, -4/138 HPs)
             Began as a Hill Orc Fighter on Jan 28, 2023.
             Was an Elder of Fedhas.
             Killed by an exploding ballistomycete spore (17 damage)
             ... set off by their pet
             ... on level 9 of the Dungeon on Jan 29, 2023.
             The game lasted 00:26:12 (9907 turns).

NinjaNoafa the Cleaver (Hill Orc Fighter)           Turns: 9907, Time: 00:26:13

Health: -4/138     AC: 19    Str: 24    XL:     11   Next: 44%
Magic:  18/18      EV: 14    Int:  8    God:    Fedhas [****..]
Gold:   256        SH:  0    Dex: 10    Spells: 10/10 levels left

rFire   . . .      SeeInvis +    a - +2 war axe (protect)
rCold   . . .      Faith    .    c - +0 buckler
rNeg    . . .      Spirit   .    I - +3 chain mail
rPois   .          Reflect  .    F - +0 helmet
rElec   .          Harm     .    b - +0 cloak
rCorr   .          Rampage  .    y - +1 pair of gloves {hurl}
Will    .....                    m - +0 pair of boots Stlth
                                 (no amulet)
HPRegen 0.43/turn                l - ring of see invisible
MPRegen 0.16/turn                x - +5 ring of evasion

@: confused, berserking, ambrosia-drunk, very quick
A: no striking features
a: Renounce Religion, Wall of Briars, Grow Ballistomycete, Overgrow


You were on level 9 of the Dungeon.
You worshipped Fedhas.
Fedhas was greatly pleased with you.
You visited 3 branches of the dungeon, and saw 12 of its levels.

You collected 451 gold pieces.
You spent 195 gold pieces at shops.

Inventory:

Hand Weapons
 a - a +2 war axe of protection (weapon)
Missiles
 C - 6 silver boomerangs (quivered)
 E - 9 poisoned darts
 H - 2 boomerangs
Armour
 b - a +0 cloak (worn)
 c - a +0 buckler (worn)
 m - a +0 pair of boots (worn)
 u - a +0 chain mail of poison resistance
 y - a +1 pair of gloves of hurling (worn)
 F - a +0 helmet (worn)
 I - a +3 chain mail (worn)
Jewellery
 l - a ring of see invisible (left hand)
 x - a +5 ring of evasion (right hand)
 J - a ring of positive energy
Wands
 v - a wand of paralysis (15)
 D - a wand of mindburst (12)
Scrolls
 i - a scroll of fog {unknown}
 k - a scroll of butterflies {unknown}
 p - a scroll of teleportation {unknown}
 s - a scroll of enchant armour {unknown}
 w - a scroll of silence {unknown}
 A - 4 scrolls of enchant weapon
 G - a scroll of amnesia {unknown}
 K - 2 scrolls of immolation {unknown}
 L - a scroll of fear {unknown}
Potions
 d - 3 potions of might
 f - a potion of ambrosia
 g - 2 potions of heal wounds {unknown}
 h - 2 potions of mutation {unknown}
 j - 2 potions of magic {unknown}
 n - 2 potions of haste {unknown}
 o - 2 potions of cancellation
 q - 2 potions of resistance {unknown}
 r - 4 potions of brilliance
 t - 5 potions of flight
 z - 2 potions of attraction {unknown}
 B - a potion of invisibility {unknown}


   Skills:
 - Level 7.0 Fighting
 + Level 13.8 Axes
 - Level 7.0 Armour
 - Level 5.0 Dodging
 - Level 5.0 Shields
 + Level 9.8 Invocations
 - Level 6.0 Evocations


You had 10 spell levels left.
You didn't know any spells.
Your spell library contained the following spells:

 Spells                   Type           Power      Damage    Failure   Level
 Necrotise                Necr           0%         1d4       98%         1
 Cigotuvi's Dreadful Rot  Necr/Pois/Air  0%         N/A       99%         2
 Ensorcelled Hibernation  Hex/Ice        0%         N/A       99%         2
 Poisonous Vapours        Pois/Air       0%         N/A       99%         2
 Dazzling Flash           Conj/Hex       0%         N/A       100%        3
 Ignite Poison            Fire/Tmut/Pois 0%         N/A       100%        3
 Inner Flame              Hex/Fire       0%         N/A       100%        3
 Mephitic Cloud           Conj/Pois/Air  0%         N/A       100%        3
 Portal Projectile        Hex/Tloc       0%         N/A       100%        3
 Spider Form              Tmut/Pois      0%         N/A       100%        3
 Tukima's Dance           Hex            0%         N/A       100%        3
 Vampiric Draining        Necr           0%         2d6       100%        3
 Vhi's Electric Charge    Tloc/Air       0%         N/A       100%        3
 Anguish                  Hex/Necr       0%         N/A       100%        4
 Cause Fear               Hex            0%         N/A       100%        4
 Iskenderun's Mystic Bla  Conj/Tloc      0%         2d3       100%        4
 Sticky Flame             Conj/Fire      0%         2d3       100%        4
 Agony                    Necr           0%         N/A       100%        5
 Arcjolt                  Conj/Air       0%         1d10      100%        5
 Blade Hands              Tmut           0%         N/A       100%        5
 Starburst                Conj/Fire      0%         6d3       100%        6
 Discord                  Hex            0%         N/A       100%        8
 Ignition                 Fire           0%         3d3       100%        8
 Maxwell's Capacitive Co  Air            0%         ∞         100%        8


Dungeon Overview and Level Annotations

Branches:
Dungeon (10/15)            Temple (1/1) D:4            Lair (1/5) D:9
    Orc: D:9-12

Altars:
Ashenzari
Cheibriados
Dithmenos
Elyvilon
Fedhas
Gozag
Hepliaklqana
Kikubaaqudgha
Makhleb
Nemelex Xobeh
Okawaru
Qazlal
Ru
Sif Muna
Trog
Uskayaw
Vehumet
Wu Jian
Xom
Yredelemnul
The Shining One

Shops:
D:4 [   D:5 [


Message History

* * * LOW HITPOINT WARNING * * *
The death yak appears confused.
The explosion of spores engulfs the death yak!!
The death yak is severely wounded.
Okay, then.
You are more confused.
You feel invigorated. The death yak barely misses you.
A ballistomycete spore comes into view.
The death yak gores the death yak!
The death yak gores your ballistomycete!!
The death yak gores your ballistomycete spore!!
Your ballistomycete spore explodes!
The death yak appears confused.
The explosion of spores engulfs the death yak!!
The death yak is almost dead.
The death yak appears confused.
The explosion of spores engulfs the death yak!!
You kill the death yak!
Fedhas appreciates your contribution to the ecosystem.
The explosion of spores engulfs you!!
You are more confused.
* * * LOW HITPOINT WARNING * * *
Okay, then.
You are too confused!
Okay, then.
Press: ? - help, v - describe, . - travel
Here: a ballistomycete (moderately damaged, summoned, friendly)
The floor.
Unknown command.
A red film seems to cover your vision as you go berserk!
You feel yourself moving faster!
You feel mighty!
Your ballistomycete spore explodes!
The death yak appears confused.
The explosion of spores engulfs the death yak!
The death yak is almost dead.
Fedhas protects your plant from harm. The explosion of spores engulfs you!
You are more confused.
You die...
Fedhas appreciates your contribution to the ecosystem.

.#># ##...........###...†...##
##.# ##~...............#.......
#.#####.....###.#.......#......#
##....#................#.#.###.##
....#.#~...##....#.#...#.#...#.##
......~....####..##......#.###.##
...........###...##..~.....###.##
.........~..#.Y...#..#....)......
....#..........>@................
....##...~..#.P...#..............
....##.....###...#.#....##.......
#######.....#.#.##.......########
#....#.#...#.#...###
#~................# ###
###......###....### #..
#~...........##########.#
###..........#...........


You could see a death yak (confused, ally target) and a friendly ballistomycete
(summoned).

Vanquished Creatures
  A two-headed ogre (D:9)
  A death yak (D:9)
  Pikel (D:5)
  Maurice (D:8)
  A rime drake (D:9)
  A troll (D:9)
  Grinder (D:3)
  12 yaks
  2 steam dragons (D:8)
  Menkaure (D:6)
  Edmund (D:5)
  An acid dragon (D:9)
  A water moccasin (D:6)
  Duvessa (D:5)
  2 black bears
  2 orc warriors (D:9)
  4 ice beasts (D:9)
  3 wolves
  2 ogres (D:4)
  4 centaurs
  4 lemures (D:5)
  2 kobold brigands
  Blork the orc (D:4)
  2 bullfrogs
  5 scorpions
  2 necrophages (D:5)
  3 wights (D:6)
  Dowan (D:5)
  12 killer bees
  An electric eel (D:8)
  4 howler monkeys
  4 hounds
  3 gnoll boudas
  A jelly (D:5)
  8 orc priests
  Crazy Yiuf (D:4)
  5 orc wizards
  An iguana (D:6)
  Natasha (twice) (D:2)
  17 gnolls
  6 adders
  3 ufetubi
  2 worms
  2 dart slugs (D:4)
  25 orcs
  5 bats
  2 endoplasms
  2 giant cockroaches (D:1)
  4 goblins
  4 hobgoblins
  3 jackals (D:4)
  9 kobolds
  4 quokkas
  5 ball pythons
  3 frilled lizards
  9 rats
  A ballistomycete spore (D:9)
211 creatures vanquished.

Vanquished Creatures (collateral kills)
  4 ballistomycete spores (D:9)
4 creatures vanquished.

Grand Total: 215 creatures vanquished

Notes
Turn   | Place    | Note
-------+----------+-------------------------------------------
     0 | D:1      | NinjaNoafa the Hill Orc Fighter began the quest for the
                  | Orb.
     0 | D:1      | Reached XP level 1. HP: 19/19 MP: 1/1
    95 | D:1      | Reached skill level 3 in Axes
   297 | D:1      | Reached XP level 2. HP: 26/26 MP: 2/2
   678 | D:2      | Reached skill level 4 in Axes
   755 | D:2      | You fall into a shaft and drop 2 floors!
   758 | D:4      | Found a staircase to the Ecumenical Temple.
   758 | D:4      | Noticed Blork the orc
   771 | D:4      | Killed Blork the orc
   772 | D:4      | Reached skill level 5 in Axes
   772 | D:4      | Reached XP level 3. HP: 18/31 MP: 3/3
   772 | D:4      | Reached XP level 4. HP: 23/39 MP: 4/4
   784 | Temple   | Entered the Ecumenical Temple
   946 | Temple   | Became a worshipper of Fedhas Madash
   975 | D:4      | Reached skill level 6 in Axes
  1014 | D:3      | Found a shadowy altar of Dithmenos.
  1102 | D:3      | Noticed Grinder
  1244 | D:2      | Found a faded altar of an unknown god.
  1296 | D:2      | Noticed Natasha
  1304 | D:2      | Killed Natasha
  1305 | D:2      | Reached XP level 5. HP: 45/45 MP: 5/5
  1350 | D:2      | Reached skill level 7 in Axes
  1664 | D:2      | Noticed Natasha
  1668 | D:2      | Killed Natasha
  2090 | D:3      | Reached * piety under Fedhas
  2372 | D:3      | Killed Grinder
  2373 | D:3      | Reached skill level 9 in Axes
  2373 | D:3      | Reached XP level 6. HP: 25/51 MP: 6/6
  2751 | D:4      | Identified the +5 whip of Fortitude {flame, Fragile rCorr
                  | Int+3}
  2774 | D:4      | Reached XP level 7. HP: 51/57 MP: 7/7
  2813 | D:4      | Found a runed translucent door.
  2814 | D:4      | Noticed Crazy Yiuf
  2852 | D:3      | Reached skill level 10 in Axes
  2979 | D:4      | Reached skill level 5 in Fighting
  3117 | D:4      | Found Hifoqyut's Antique Armour Emporium.
  3453 | D:5      | Entered Level 5 of the Dungeon
  3454 | D:5      | Found Subiph's Antique Armour Shoppe.
  3454 | D:5      | Noticed Edmund
  3512 | D:4      | Reached XP level 8. HP: 37/70 MP: 8/8
  3702 | D:4      | Reached ** piety under Fedhas
  4019 | D:5      | Killed Edmund
  4020 | D:5      | Reached skill level 5 in Armour
  4333 | D:5      | Noticed Duvessa
  4334 | D:5      | Noticed Dowan
  4581 | D:4      | Killed Crazy Yiuf
  4742 | D:5      | Noticed Pikel
  4766 | D:5      | Killed Pikel
  4767 | D:5      | Reached skill level 11 in Axes
  4767 | D:5      | Reached XP level 9. HP: 49/75 MP: 8/12
  4967 | D:5      | Reached skill level 5 in Invocations
  5308 | D:5      | Paralysed by an orc priest for 3 turns
  5329 | D:5      | Killed Duvessa
  5341 | D:5      | Killed Dowan
  5700 | D:4      | Bought a pair of glowing gloves for 195 gold pieces
  5986 | D:6      | Noticed Menkaure
  5991 | D:6      | Killed Menkaure
  5992 | D:6      | Reached skill level 1 in Dodging
  5992 | D:6      | Reached skill level 1 in Evocations
  6479 | D:7      | Reached *** piety under Fedhas
  6554 | D:7      | Reached skill level 5 in Shields
  6554 | D:7      | Reached XP level 10. HP: 38/86 MP: 14/14
  7537 | D:8      | Found a shimmering blue altar of Sif Muna.
  7641 | D:8      | Reached skill level 12 in Axes
  7712 | D:8      | Found a sparkling altar of Nemelex Xobeh.
  7904 | D:8      | Found a hide-covered altar of Uskayaw.
  7908 | D:8      | Found an ancient bone altar of Kikubaaqudgha.
  7911 | D:8      | Found an opulent altar of Gozag.
  8200 | D:9      | Noticed Maurice
  8216 | D:8      | Killed Maurice
  8252 | D:9      | Reached skill level 5 in Dodging
  8268 | D:9      | Found a staircase to the Lair.
  8284 | D:8      | Reached **** piety under Fedhas
  8721 | D:9      | Reached XP level 11. HP: 68/92 MP: 17/17
  8798 | D:9      | Reached skill level 13 in Axes
  8967 | D:9      | Reached skill level 5 in Evocations
  9597 | D:9      | Found a stormy altar of Qazlal.
  9811 | D:10     | Entered Level 10 of the Dungeon
  9811 | D:10     | Noticed a two-headed ogre
  9821 | D:9      | Killed a two-headed ogre
  9882 | Lair:1   | Entered Level 1 of the Lair of Beasts
  9882 | Lair:1   | Noticed a death yak
  9882 | Lair:1   | Noticed a death yak
  9883 | Lair:1   | Noticed a death yak
  9883 | Lair:1   | Noticed a death yak
  9906 | D:9      | Killed a death yak
  9907 | D:9      | Killed by an exploding ballistomycete spore... set off by
                  | their pet

Illustrated notes

Levels and vault maps discovered:
D:1:      tarquinn_simple_flora_water_c, layout_loops_ring,
          kennysheep_pointless_box, minmay_misc_feat_enclosed
D:2:      layout_loops_ring, hellmonk_ecumenical_altar_crossroads, uniq_natasha
D:3:      layout_loops_ring, nicolae_overflow_crystal_walls,
          minmay_misc_feat_secret_circle, minivault_4, hangedman_decor_growths,
          uniq_grinder
D:4:      layout_rooms, temple_pool_b, serial_corexii_hall,
          chequers_hall_statues_wall_a, chequers_hall_statues_wall_a,
          serial_shops, shop, uniq_crazy_yiuf_cottage, uniq_blork_the_orc
D:5:      layout_loops_ring, serial_shops, nicolae_square_shop, uniq_duvessa,
          uniq_pikel, uniq_edmund
D:6:      nicolae_cairo_tiling_large, layout_loops_ring, uniq_menkaure
D:7:      layout_gridville
D:8:      layout_basic, grunt_temple_overflow_open, kennysheep_little_box,
          minivault_14
D:9:      minmay_angry_zag, layout_basic, mainiacjoe_overflow_six_doors_small,
          hellmonk_lair_entry_icy, uniq_maurice
D:10:     layout_roguey, mainiacjoe_overflow_24_doors, david_orc_1_choice
Temple:   nicolae_temple_two_arcs
Lair:1:   layout_loops_ring, lemuel_fruit_tree

Skill      XL: |  1  2  3  4  5  6  7  8  9 10 11 |
---------------+----------------------------------+-----
Axes           | 3 5 6 9 10 11 12 13 | 13.8
Fighting       | 6 7 |  7.0
Armour         | 4 7 |  7.0
Invocations    | 4 6 8 9 |  9.8
Dodging        | 2 5 |  5.0
Evocations     | 3 4 6 |  6.0
Shields        | 5 |  5.0

Action                     |  1- 3 |  4- 6 |  7- 9 | 10-12 || total
---------------------------+-------+-------+-------+-------++-------
  Melee: War axe           |    46 |   116 |   281 |   302 ||   745
  Throw: Throwing net      |       |       |       |     1 ||     1
 Invoke: Wall of Briars    |       |       |     2 |       ||     2
         Grow Ballistomyce |       |       |       |     1 ||     1
  Evoke: Wand              |       |       |     4 |       ||     4
    Use: Scroll            |     2 |     1 |     6 |     2 ||    11
         Potion            |     1 |       |     3 |     2 ||     6
   Stab: Paralysed         |       |       |     1 |       ||     1
 Armour: Scale mail        |    23 |    54 |    26 |       ||   103
         Chain mail        |       |       |   152 |   194 ||   346
  Dodge: Dodged            |    22 |    54 |   157 |   291 ||   524
  Block: Buckler           |    13 |    27 |    56 |    89 ||   185

Table legend: (Time is in decaauts)
 A = Elapsed time spent in this place.
 B = Non-inter-level travel time spent in this place.
 C = Inter-level travel time spent in this place.
 D = Time resting spent in this place.
 E = Time spent auto-exploring this place.
 F = Levels seen in this place.
 G = Mean time per level.
                   A        B        C        D        E       F      G
               +--------+--------+--------+--------+--------+-----+--------+
         Total |   9944 |   9458 |    486 |    110 |   7375 |  12 |  828.7 |
       Dungeon |   9765 |   9289 |    476 |    110 |   7224 |  10 |  976.5 |
        Temple |    172 |    162 |     10 |      0 |    151 |   1 |  172.0 |
          Lair |      6 |      6 |      0 |      0 |      0 |   1 |    6.0 |
               +--------+--------+--------+--------+--------+-----+--------+

Top non-repeatable levels by time:
     D:4: 1712 daAuts
     D:9: 1452 daAuts
     D:5: 1330 daAuts
     D:7: 1033 daAuts
     D:3: 1026 daAuts
     D:8: 934 daAuts
     D:2: 878 daAuts
     D:6: 708 daAuts
     D:1: 684 daAuts
  Temple: 172 daAuts
  Lair:1: 6 daAuts
    D:10: 3 daAuts
